[Event "Titled Tuesday Blitz February 07 Early 2023"]
[White "Liyanage, Ranindu Dilshan"]
[Black "Sowul, Bartosz"]
[WhiteFideId "9915834"]
[BlackFideId "1137590"]
[WhiteElo "2342"]
[BlackElo "2269"]
[Result "1-0"]
[Round "09"]
[TimeControl "180+2"]
[Date "2023.02.07"]
[WhiteClock "0:00:45"]
[BlackClock "0:00:03"]

1. c4 Nf6 2. Nf3 g6 3. Nc3 Bg7 4. g3 O-O 5. Bg2 c6 6. O-O d5 7. cxd5 cxd5 8. d4 Nc6 9. Ne5 Bf5 10. Bf4 Rc8 11. Rc1 Ne4 12. Nxe4 dxe4 13. Nxc6 Rxc6 14. e3 Qd5 15. Rxc6 bxc6 16. Qc2 f6 17. g4 Bxg4 18. Bxe4 Qh5 19. Qxc6 e5 20. dxe5 fxe5 21. Bg3 Bf5 22. Bxf5 gxf5 23. Qd5+ Qf7 24. Rd1 f4 25. exf4 exf4 26. Bh4 Qxd5 27. Rxd5 Bxb2 28. Kg2 Rf7 29. Kf3 Kg7 30. Bg5 Bf6 31. Bxf4 Bc3 32. Kg4 1-0


[Site "https://www.chess.com"]

[Event "Titled Tuesday Blitz February 07 Early 2023"]
[White "Fernandez Garcia, Gumersindo"]
[Black "EREBUNI91"]
[WhiteFideId "24516740"]
[WhiteElo "2160"]
[BlackElo "2666"]
[Result "0-1"]
[Round "09"]
[TimeControl "180+2"]
[Date "2023.02.07"]
[WhiteClock "0:00:13"]
[BlackClock "0:00:54"]

1. e4 c6 2. Nf3 d5 3. exd5 cxd5 4. d4 Nf6 5. c3 Nc6 6. Bd3 Bg4 7. h3 Bh5 8. O-O e6 9. Bg5 Be7 10. Re1 O-O 11. Nbd2 Rb8 12. a4 a6 13. Qc2 Bg6 14. Bxg6 hxg6 15. Rac1 Rc8 16. Qb1 Na5 17. b4 Nc4 18. Nxc4 Rxc4 19. Ne5 Rc7 20. Bxf6 Bxf6 21. Nd3 b6 22. Qa1 Qd7 23. a5 Qb5 24. Red1 bxa5 25. Qxa5 Qxa5 26. bxa5 Be7 27. Nb4 Rfc8 28. Nxa6 Ra7 29. Nb4 Rxa5 30. Nd3 Ra3 31. c4 dxc4 32. Nc5 c3 33. Rd3 e5 34. Ne4 exd4 35. Rxd4 c2 36. g3 Ra2 37. Rd2 Ba3 0-1


[Site "https://www.chess.com"]

[Event "Titled Tuesday Blitz February 07 Early 2023"]
[White "Song, Julien"]
[Black "Wagh Suyog"]
[WhiteFideId "659487"]
[BlackFideId "25071688"]
[WhiteElo "2350"]
[BlackElo "2313"]
[Result "1-0"]
[Round "09"]
[TimeControl "180+2"]
[Date "2023.02.07"]
[WhiteClock "0:01:56"]
[BlackClock "0:01:17"]

1. d4 Nf6 2. c4 g6 3. Nc3 Bg7 4. Nf3 O-O 5. Bg5 d6 6. e3 Nbd7 7. Be2 e5 8. O-O h6 9. Bh4 Re8 10. Qc2 exd4 11. exd4 g5 12. Bg3 Nh5 13. Bd3 Nxg3 14. fxg3 Nf8 15. Ne4 c6 16. d5 c5 17. h4 g4 18. Nh2 Ng6 19. Nf6+ Bxf6 20. Bxg6 Kg7 21. Bxf7 Kxf7 22. Qh7+ Kf8 23. Qg6 1-0


[Site "https://www.chess.com"]

[Event "Titled Tuesday Blitz February 07 Early 2023"]
[White "Md, Imran"]
[Black "Ladan, Nicholas"]
[WhiteFideId "25748580"]
[BlackFideId "30918855"]
[WhiteElo "2284"]
[BlackElo "2228"]
[Result "1-0"]
[Round "09"]
[TimeControl "180+2"]
[Date "2023.02.07"]
[WhiteClock "0:00:59"]
[BlackClock "0:00:02"]

1. d4 d5 2. Nf3 Nf6 3. Bf4 c5 4. e3 Nc6 5. Nbd2 cxd4 6. exd4 Bf5 7. b3 e6 8. Bb5 Ne4 9. Ne5 Nc3 10. Nxc6 Qb6 11. Nxa7+ Nxb5 12. Nxb5 Qxb5 13. c4 Qa5 14. O-O Ba3 15. cxd5 Qxd5 16. Nc4 Ra6 17. Nxa3 Rxa3 18. Qc1 Ra8 19. Qc5 Qxc5 20. dxc5 Be4 21. Rfe1 Bd5 22. b4 Kd7 23. a4 f6 24. b5 g5 25. Bd2 h5 26. Bc3 Rhf8 27. a5 f5 28. Bb4 Rfc8 29. Rad1 Rc7 30. Re5 Rac8 31. h4 g4 32. Rdxd5+ exd5 33. Rxd5+ Ke6 34. Rd6+ Ke5 35. Bc3+ Ke4 36. Rd4+ Ke5 37. Rd6+ Ke4 38. c6 bxc6 39. b6 Re7 40. a6 g3 41. b7 Kf4 42. bxc8=Q gxf2+ 43. Kxf2 Kg4 1-0


[Site "https://www.chess.com"]

[Event "Titled Tuesday Blitz February 07 Early 2023"]
[White "Sukandar, Irine Kharisma"]
[Black "Csonka, Balazs"]
[WhiteFideId "7101937"]
[BlackFideId "742910"]
[WhiteElo "2390"]
[BlackElo "2496"]
[Result "0-1"]
[Round "09"]
[TimeControl "180+2"]
[Date "2023.02.07"]
[WhiteClock "0:00:04"]
[BlackClock "0:00:23"]

1. d4 Nf6 2. Bf4 d5 3. e3 c5 4. Nd2 Nc6 5. Ngf3 cxd4 6. exd4 e6 7. Bb5 Bd6 8. Bxd6 Qxd6 9. O-O O-O 10. Re1 Bd7 11. c3 Rab8 12. Qe2 Rfc8 13. Bd3 Na5 14. Ne5 b5 15. Ndf3 b4 16. Ng5 Be8 17. Rac1 bxc3 18. bxc3 h6 19. Ngf3 Qa3 20. Qe3 Kf8 21. g4 Rxc3 22. Rxc3 Qxc3 23. g5 hxg5 24. Nxg5 Nc4 25. Qh3 Qxe1+ 26. Kg2 Rb2 0-1


[Site "https://www.chess.com"]

[Event "Titled Tuesday Blitz February 07 Early 2023"]
[White "Papasimakopoulos, Alexandros"]
[Black "Hirneise, Jens"]
[WhiteFideId "4244125"]
[BlackFideId "24614734"]
[WhiteElo "2401"]
[BlackElo "2277"]
[Result "1-0"]
[Round "09"]
[TimeControl "180+2"]
[Date "2023.02.07"]
[WhiteClock "0:00:39"]
[BlackClock "0:00:42"]

1. d4 d5 2. Nf3 Nf6 3. Bf4 Bf5 4. e3 e6 5. c4 Bb4+ 6. Nc3 O-O 7. Qb3 Nc6 8. Be2 b6 9. O-O Bxc3 10. Qxc3 Ne4 11. Qc1 Rc8 12. cxd5 Qxd5 13. Ba6 Nb4 14. Bxc8 Rxc8 15. Rd1 h6 16. a3 Nc6 17. b4 g5 18. Bg3 h5 19. h3 Nxg3 20. fxg3 g4 21. hxg4 Bxg4 22. Rf1 f6 23. Qc2 Kg7 24. Nh4 Ne7 25. Rac1 c5 26. bxc5 bxc5 27. dxc5 Qe5 28. Qf2 Nd5 29. Rfe1 f5 30. c6 Rc7 31. Rc4 Nb6 32. Rc2 Qe4 33. Qf4 Qxf4 34. gxf4 Kf6 35. Nf3 Bxf3 36. gxf3 Nd5 37. Kf2 Ne7 38. Rh1 Kg6 39. Rg1+ Kf6 40. Rg5 Rxc6 41. Rxc6 Nxc6 42. Rxh5 Ke7 43. e4 1-0


[Site "https://www.chess.com"]

[Event "Titled Tuesday Blitz February 07 Early 2023"]
[White "Vlassov, Nikolai"]
[Black "Ortega Amarelle, Mariano"]
[WhiteFideId "4103360"]
[BlackFideId "3504301"]
[WhiteElo "2283"]
[BlackElo "2472"]
[Result "1-0"]
[Round "09"]
[TimeControl "180+2"]
[Date "2023.02.07"]
[WhiteClock "0:00:15"]
[BlackClock "0:00:02"]

1. e4 e5 2. Bc4 Nf6 3. d3 c6 4. Nf3 d5 5. Bb3 Bd6 6. Nc3 O-O 7. exd5 cxd5 8. Bxd5 Nxd5 9. Nxd5 Bg4 10. Ne3 Bh5 11. Nf5 Bc7 12. Ng3 Bg6 13. O-O Nc6 14. Re1 h6 15. Bd2 f5 16. Bc3 Re8 17. Qd2 b5 18. a3 a5 19. b3 Rc8 20. Re2 e4 21. dxe4 fxe4 22. Nd4 Nxd4 23. Qxd4 Qxd4 24. Bxd4 h5 25. Nf1 Bf4 26. Be3 Be5 27. Rd1 h4 28. Rd5 b4 29. Rxa5 bxa3 30. Rxa3 Bc3 31. g4 Red8 32. Kg2 Rd1 33. h3 Bf7 34. Bd2 Bb2 35. Ra2 Rxc2 36. Ne3 Rdxd2 37. Nxc2 Rxe2 38. Rxb2 e3 39. Kf3 Rxf2+ 40. Kxe3 Rh2 41. Kf4 Rxh3 42. Nd4 Rd3 43. Nf3 h3 44. b4 Bd5 45. Ne5 g5+ 46. Kxg5 Rb3 47. Rd2 1-0


[Site "https://www.chess.com"]

[Event "Titled Tuesday Blitz February 07 Early 2023"]
[White "Manukyan, Sargis A."]
[Black "Cella, Glaucio Dalla Cortt"]
[WhiteFideId "13303970"]
[BlackFideId "2119455"]
[WhiteElo "2158"]
[BlackElo "1894"]
[Result "1/2-1/2"]
[Round "09"]
[TimeControl "180+2"]
[Date "2023.02.07"]
[WhiteClock "0:00:16"]
[BlackClock "0:00:43"]

1. d4 Nf6 2. c4 e5 3. dxe5 Ng4 4. Nf3 Bc5 5. e3 Nc6 6. Be2 Ncxe5 7. Nxe5 Nxe5 8. O-O O-O 9. Nc3 Re8 10. b3 a5 11. Bb2 Ra6 12. Ne4 Bf8 13. f4 Ng4 14. Bxg4 Rxe4 15. Qd3 Re8 16. e4 Rh6 17. g3 Bc5+ 18. Kg2 d5 19. Qc3 d4 20. Qf3 Bxg4 21. Qxg4 Rxe4 22. Rae1 Qe8 23. Rxe4 Qxe4+ 24. Qf3 Qxf3+ 25. Rxf3 Re6 26. Kf1 f5 27. Rd3 Kf7 28. Rd2 Bb4 29. Re2 Re3 30. Rxe3 dxe3 31. Ke2 Bc5 32. Bc1 Ke6 33. Bxe3 Bxe3 34. Kxe3 b6 35. Kd4 Kd6 36. a3 c5+ 37. Kc3 g6 38. b4 cxb4+ 39. axb4 axb4+ 40. Kxb4 Kc6 41. h3 h6 42. Kb3 Kc5 43. Kc3 h5 44. h4 Kc6 45. Kb4 Kc7 46. Kb5 Kb7 47. c5 bxc5 48. Kxc5 Kc7 49. Kd5 Kd7 50. Ke5 Ke7 51. Kd5 Kd7 52. Kc5 Kc7 53. Kd5 Kd7 1/2-1/2


[Site "https://www.chess.com"]

[Event "Titled Tuesday Blitz February 07 Early 2023"]
[White "Gascon Del Nogal, Jose Rafael"]
[Black "Malka, Samuel"]
[WhiteFideId "3902463"]
[BlackFideId "20643675"]
[WhiteElo "2459"]
[BlackElo "2165"]
[Result "1-0"]
[Round "09"]
[TimeControl "180+2"]
[Date "2023.02.07"]
[WhiteClock "0:00:08"]
[BlackClock "0:00:04"]

1. e4 e5 2. Nf3 Nc6 3. Bc4 Nf6 4. d3 Bc5 5. c3 d6 6. O-O O-O 7. h3 a5 8. Bg5 h6 9. Bh4 g5 10. Bg3 Bb6 11. Nbd2 Kg7 12. Kh1 Ng8 13. d4 Qf6 14. Bd5 Nge7 15. Nc4 exd4 16. Nxb6 cxb6 17. Bxc6 bxc6 18. e5 Qg6 19. exd6 Nf5 20. Nxd4 Nxg3+ 21. fxg3 c5 22. Nb5 Bb7 23. g4 Rad8 24. Rf2 Bc6 25. a4 Bxb5 26. axb5 Rxd6 27. Rd2 Rfd8 28. Rxd6 Rxd6 29. Qe2 Qe6 30. Qf3 Rd2 31. Rb1 Qe2 32. Qc6 a4 33. Rg1 Rxb2 34. Qxb6 Qe5 35. Qa5 Qb8 36. Qxa4 Qxb5 37. Qe4 Qe2 38. Qd5 Qe3 39. c4 Rd2 40. Qc6 Re2 41. Rf1 Qe4 42. Qf6+ Kg8 43. Qxf7+ Kh8 44. Qf8+ Kh7 45. Rf7+ Kg6 46. Qg8# 1-0


[Site "https://www.chess.com"]

[Event "Titled Tuesday Blitz February 07 Early 2023"]
[White "Tillyaev, Ulugbek"]
[Black "Aarav Dengla"]
[WhiteFideId "14202441"]
[BlackFideId "45059756"]
[WhiteElo "2287"]
[BlackElo "2343"]
[Result "1-0"]
[Round "09"]
[TimeControl "180+2"]
[Date "2023.02.07"]
[WhiteClock "0:00:24"]
[BlackClock "0:00:02"]

1. e4 c5 2. d4 cxd4 3. c3 Nf6 4. e5 Nd5 5. Qxd4 e6 6. Nf3 Nc6 7. Qg4 h5 8. Qg3 Qc7 9. Nbd2 h4 10. Qg5 b6 11. Nc4 Bb7 12. Nxh4 b5 13. Nd6+ Bxd6 14. exd6 Qxd6 15. Bxb5 a6 16. Be2 Nce7 17. Nf3 f6 18. Qd2 Qc7 19. c4 Nb6 20. Qa5 Rc8 21. b3 Nf5 22. Bb2 Qd6 23. Rd1 Qc7 24. h3 Nh4 25. Nxh4 Rxh4 26. O-O Kf7 27. Bd4 Na8 28. Qxc7 Nxc7 29. Bb6 Ke7 30. Bc5+ Kd8 31. Bf8 Ne8 32. Rd2 Rh8 33. Bb4 Bc6 34. Rfd1 Rb8 35. Ba5+ Ke7 36. Bf3 Rb7 37. Bxc6 dxc6 38. Rd8 Rf8 39. Rc8 Kf7 40. Rdd8 g5 41. Rxc6 Ng7 42. Rxf8+ Kxf8 43. Rxa6 Rd7 44. Bb4+ Kf7 45. Rd6 Rb7 46. Bc3 Nf5 47. Rd2 Ra7 48. a4 e5 49. a5 Ke6 50. b4 Nd6 51. b5 Nxc4 52. Ra2 Nd6 53. Rb2 Nc4 54. Ra2 Nd6 55. b6 Ra6 56. Bb4 Nb7 57. Kf1 Kd5 58. Ke2 Kc4 59. Be7 f5 60. Bxg5 Kb3 61. Ra1 Kb2 62. Ra4 Kb3 63. Ra1 Kb2 64. Rd1 Nxa5 65. Rd5 Nc4 66. Rb5+ Kc3 67. b7 Ra2+ 68. Kf3 e4+ 69. Kg3 Nd6 70. b8=Q Nxb5 71. Qxb5 Ra3 72. Qxf5 Kb2+ 73. Kh2 Ra4 74. Bf6+ Ka2 75. h4 e3 76. fxe3 Rb4 77. Qc2+ Ka3 78. Qc3+ Ka4 79. Qxb4+ Kxb4 80. h5 Kb3 81. h6 Kc2 82. h7 Kd1 83. h8=Q Ke1 84. Qd8 Ke2 85. e4 Ke3 86. e5 Ke2 87. e6 Ke1 88. e7 Kf2 89. Bh4+ Ke3 90. e8=Q+ 1-0


[Site "https://www.chess.com"]

[Event "Titled Tuesday Blitz February 07 Early 2023"]
[White "Sharafiev, Azat"]
[Black "Souleidis, Georgios"]
[WhiteFideId "4186214"]
[BlackFideId "4206827"]
[WhiteElo "2427"]
[BlackElo "2419"]
[Result "0-1"]
[Round "09"]
[TimeControl "180+2"]
[Date "2023.02.07"]
[WhiteClock "0:00:03"]
[BlackClock "0:00:13"]

1. e4 c5 2. Nf3 e6 3. d4 cxd4 4. Nxd4 Nf6 5. Bd3 Nc6 6. Be3 d5 7. exd5 Nxd5 8. Nxc6 bxc6 9. Bd2 Bd6 10. O-O O-O 11. Qh5 g6 12. Qf3 Rb8 13. Nc3 Rxb2 14. Ne4 Be5 15. Rfb1 Qb6 16. c4 Nb4 17. Rxb2 Bxb2 18. Rb1 Nxd3 19. Qxd3 Qd4 20. Qc2 Ba1 21. Rd1 Qg7 22. Bb4 Re8 23. Qa4 f5 24. Nd6 Rd8 25. Qxc6 Bb7 26. Qc5 Bf6 27. Qxa7 Be4 28. Qxg7+ Bxg7 29. c5 Bc6 30. g3 e5 31. a3 e4 32. Rc1 Ra8 33. Rd1 Bb2 34. Rb1 Bxa3 35. Bxa3 Rxa3 36. Rb6 Ra1+ 37. Kg2 e3+ 38. Rxc6 e2 39. Rc8+ Kg7 40. Rc7+ Kf6 41. Ne8+ Ke6 42. Ng7+ Kd5 43. Rd7+ Kxc5 44. Ne6+ Kb6 45. Rd6+ Ka7 46. Rd7+ Kb8 47. Rd8+ Kb7 48. Rd7+ Kc8 49. Rc7+ Kb8 50. Re7 e1=Q 51. Re8+ Ka7 52. Re7+ Kb6 0-1


[Site "https://www.chess.com"]

[Event "Titled Tuesday Blitz February 07 Early 2023"]
[White "Balabayeva, Xeniya"]
[Black "Iskusnyh, Sergei"]
[WhiteFideId "13719688"]
[BlackFideId "4120027"]
[WhiteElo "2191"]
[BlackElo "2440"]
[Result "0-1"]
[Round "09"]
[TimeControl "180+2"]
[Date "2023.02.07"]
[WhiteClock "0:00:01"]
[BlackClock "0:00:42"]

1. e4 e6 2. d4 d5 3. Nd2 c5 4. Ngf3 cxd4 5. Nxd4 Nc6 6. Nxc6 bxc6 7. Bd3 Nf6 8. Qe2 Be7 9. c3 a5 10. O-O Qb6 11. exd5 cxd5 12. Nf3 Ba6 13. Bxa6 Qxa6 14. Qxa6 Rxa6 15. Be3 O-O 16. Rab1 Rc8 17. Rfc1 Ne4 18. Nd2 Nd6 19. b3 e5 20. Nf3 f6 21. Rd1 Ne4 22. Rbc1 Nxc3 23. Rc2 Rac6 24. Re1 Bb4 25. Kf1 d4 26. Bd2 Nd5 27. Rxc6 Rxc6 28. Bxb4 axb4 29. Ra1 Ra6 30. Ne1 Nc3 31. Nd3 Rxa2 32. Rxa2 Nxa2 33. Ke2 Kf7 34. Nc5 Ke7 35. Kd3 Kd6 36. Kc4 h5 37. Nd3 g5 0-1


[Site "https://www.chess.com"]

[Event "Titled Tuesday Blitz February 07 Early 2023"]
[White "Kuderinov, Kirill"]
[Black "Turzo, Attila"]
[WhiteFideId "13701568"]
[BlackFideId "704954"]
[WhiteElo "2404"]
[BlackElo "2279"]
[Result "1/2-1/2"]
[Round "09"]
[TimeControl "180+2"]
[Date "2023.02.07"]
[WhiteClock "0:00:06"]
[BlackClock "0:00:07"]

1. c4 Nf6 2. Nc3 g6 3. Nf3 d5 4. cxd5 Nxd5 5. e3 Bg7 6. d4 O-O 7. Bc4 Nxc3 8. bxc3 b6 9. h4 h5 10. Qc2 Bf5 11. e4 Bc8 12. Be3 Ba6 13. Bxa6 Nxa6 14. e5 e6 15. g4 hxg4 16. Ng5 Qd5 17. Rh2 c5 18. h5 cxd4 19. cxd4 Rfc8 20. Qe2 Nb4 21. Kf1 gxh5 22. Rxh5 Qc4 23. Ne4 Qxe2+ 24. Kxe2 Rc2+ 25. Kf1 Rxa2 26. Rxa2 Nxa2 27. Rg5 Kf8 28. Rxg4 Nb4 29. Nd6 Nd5 30. Rg3 a5 31. Rf3 f5 32. exf6 Bxf6 33. Ne4 Kg7 34. Rg3+ Kf7 35. Rf3 Kg6 36. Rg3+ Kh7 37. Rh3+ Kg8 38. Rg3+ Bg7 39. Bh6 Ra7 40. Nd6 Kh7 41. Bxg7 Rxg7 42. Rh3+ Kg8 43. Rb3 a4 44. Ra3 Ra7 45. Ke2 Kf8 46. Kd3 Ra8 47. Kc4 Ke7 48. Ne4 Kd7 49. Kb5 Kc7 50. Rxa4 Rxa4 51. Kxa4 Kc6 52. Kb3 Kb5 53. Nd6+ Kc6 54. Nc4 Nf4 55. Ne3 Ne2 56. Kc4 b5+ 57. Kd3 Nf4+ 58. Ke4 Nh3 59. f4 b4 60. Ke5 Kd7 61. Nc4 b3 62. Nb6+ Ke7 63. Nc4 Nf2 64. d5 Nd3+ 65. Kd4 exd5 66. Kxd5 Nxf4+ 67. Ke4 Ne6 68. Kd3 Nc5+ 69. Kc3 Ke6 70. Nd2 Kd5 71. Nxb3 1/2-1/2


[Site "https://www.chess.com"]

[Event "Titled Tuesday Blitz February 07 Early 2023"]
[White "Przybylski, Wojciech"]
[Black "Martynov, Pavel"]
[WhiteFideId "1117599"]
[BlackFideId "4101260"]
[WhiteElo "2321"]
[BlackElo "2414"]
[Result "0-1"]
[Round "09"]
[TimeControl "180+2"]
[Date "2023.02.07"]
[WhiteClock "0:00:02"]
[BlackClock "0:00:06"]

1. e4 c5 2. Nf3 e6 3. d4 cxd4 4. Nxd4 Nc6 5. Nc3 Qc7 6. g4 a6 7. Be3 b5 8. Nxc6 Qxc6 9. Qd2 Bb7 10. Ne2 Qxe4 11. Rg1 Qc6 12. Bg2 Qc7 13. Bxb7 Qxb7 14. O-O-O Nf6 15. Nf4 d5 16. g5 Ne4 17. Qe2 Be7 18. h4 Rc8 19. f3 Nd6 20. Bd4 Nf5 21. Be5 Bc5 22. Rge1 Be3+ 23. Kb1 Bxf4 24. Bxf4 Rc4 25. Be5 Rxh4 26. f4 Qc6 27. Rd3 O-O 28. Rc3 Qb6 29. Qg2 b4 30. Rd3 a5 31. Bf6 Rc8 32. g6 gxf6 33. gxf7+ Kxf7 34. Qe2 Rg8 35. Rd2 Rg1 36. Rdd1 Rhh1 37. Rxg1 Rxg1 38. Qh5+ Kf8 39. b3 Rxd1+ 40. Qxd1 Qe3 41. Qf1 h5 0-1


[Site "https://www.chess.com"]

[Event "Titled Tuesday Blitz February 07 Early 2023"]
[White "The_Sherman_Variation"]
[Black "Pinheiro, Iung Alicio de O."]
[BlackFideId "2104350"]
[WhiteElo "2461"]
[BlackElo "2306"]
[Result "0-1"]
[Round "09"]
[TimeControl "180+2"]
[Date "2023.02.07"]
[WhiteClock "0:00:15"]
[BlackClock "0:00:22"]

1. d4 Nf6 2. g3 e6 3. Bg2 d5 4. Nf3 Be7 5. O-O O-O 6. c4 dxc4 7. a4 b6 8. Ne5 Nd5 9. e4 Nf6 10. Nxc4 Bb7 11. Nc3 Na6 12. Re1 Nb4 13. Bf4 c5 14. d5 exd5 15. exd5 Nfxd5 16. Nxd5 Bxd5 17. Bxd5 Qxd5 18. Rxe7 Qxc4 19. Qg4 Nd5 20. Rd7 Nf6 21. Qf5 Nxd7 22. Qxd7 Rfd8 23. Qg4 Re8 24. h4 Rad8 25. h5 h6 26. Qf3 Qe4 27. Qc3 Rd3 28. Qc2 Red8 29. Qc1 Qe2 30. Qf1 Qf3 31. Kh2 Rd1 32. Rxd1 Rxd1 33. Qa6 Rh1# 0-1


[Site "https://www.chess.com"]

[Event "Titled Tuesday Blitz February 07 Early 2023"]
[White "Adla, Diego"]
[Black "Bilan, Danila"]
[WhiteFideId "100072"]
[BlackFideId "24161918"]
[WhiteElo "2383"]
[BlackElo "2303"]
[Result "1-0"]
[Round "09"]
[TimeControl "180+2"]
[Date "2023.02.07"]
[WhiteClock "0:02:11"]
[BlackClock "0:00:02"]

1. Nf3 d5 2. c4 c6 3. cxd5 cxd5 4. d4 Nf6 5. Bf4 Nc6 6. Nc3 Bf5 7. e3 e6 8. Bb5 Nd7 9. Qa4 Rc8 10. Bxc6 Rxc6 11. Qxa7 Qc8 12. Qa5 b6 13. Qb5 Rxc3 14. bxc3 Qxc3+ 15. Ke2 Qc2+ 16. Nd2 Ba3 17. Qb3 O-O 18. Qxc2 Bxc2 19. Nb3 Bb2 20. Rhc1 Bxc1 21. Rxc1 Bxb3 22. axb3 Ra8 23. Rc2 h6 24. Bd6 Nf6 25. f3 Ne8 26. Bb4 Nf6 27. Kd3 Kh7 28. h3 Kg6 29. g4 Ra1 30. h4 h5 31. g5 Nd7 32. Rc7 Nb8 33. Rb7 Nc6 34. Rxb6 Ne7 35. Bxe7 1-0


[Site "https://www.chess.com"]

[Event "Titled Tuesday Blitz February 07 Early 2023"]
[White "Djokovic, Nebojsa"]
[Black "Topalov, Aleksandar"]
[WhiteFideId "938300"]
[BlackFideId "925659"]
[WhiteElo "2119"]
[BlackElo "2233"]
[Result "1-0"]
[Round "09"]
[TimeControl "180+2"]
[Date "2023.02.07"]
[WhiteClock "0:00:25"]
[BlackClock "0:00:08"]

1. e4 e6 2. Nf3 d5 3. Nc3 Nf6 4. e5 Ng8 5. d4 Ne7 6. Be3 b6 7. Qd2 Ba6 8. Bxa6 Nxa6 9. O-O Qd7 10. Ne2 Nf5 11. c3 c5 12. Ng3 Nxe3 13. fxe3 Be7 14. Nh5 O-O 15. Qf2 f5 16. exf6 Bxf6 17. Nxf6+ gxf6 18. Qe2 Nb8 19. e4 Nc6 20. dxc5 bxc5 21. Rad1 Rad8 22. exd5 exd5 23. Nh4 d4 24. Nf5 Kh8 25. Rd3 c4 26. Rh3 d3 27. Qd2 Rde8 28. Ne3 Ne5 29. b3 Rg8 30. Kh1 Ng4 31. Nxc4 Re2 32. Qf4 d2 33. Nb2 Re1 34. Rd3 Qxd3 35. Nxd3 d1=Q 36. Nxe1 Qe2 37. h3 Ne3 38. Qxf6+ Rg7 39. Qd8+ Rg8 40. Qd4+ Rg7 41. Rf8# 1-0


[Site "https://www.chess.com"]

[Event "Titled Tuesday Blitz February 07 Early 2023"]
[White "Cherniaiev, Tykhon"]
[Black "Gutkin, Ilya"]
[WhiteFideId "14182360"]
[BlackFideId "16203470"]
[WhiteElo "2330"]
[BlackElo "2273"]
[Result "1-0"]
[Round "09"]
[TimeControl "180+2"]
[Date "2023.02.07"]
[WhiteClock "0:00:09"]
[BlackClock "0:00:04"]

1. Nf3 c5 2. c4 g6 3. Nc3 Bg7 4. g3 Nc6 5. Bg2 d6 6. O-O e6 7. d4 cxd4 8. Nb5 Nge7 9. Nfxd4 Nxd4 10. Nxd4 O-O 11. b3 Bd7 12. Bb2 Nc6 13. Qd2 Nxd4 14. Bxd4 Bc6 15. Rad1 Bxg2 16. Kxg2 Bxd4 17. Qxd4 Qa5 18. Rd2 Rfd8 19. Rfd1 d5 20. Qf6 Re8 21. cxd5 exd5 22. e3 Rad8 23. Qf3 b6 24. a4 Qb4 25. Rxd5 Rc8 26. Rd7 Qxb3 27. Rxa7 Rc5 28. g4 Qe6 29. Rdd7 Rf8 30. Rd4 Rc4 31. Rxc4 Qxc4 32. h3 Rd8 33. Rb7 Qxa4 34. Qxf7+ 1-0


[Site "https://www.chess.com"]

[Event "Titled Tuesday Blitz February 07 Early 2023"]
[White "Berezin, Viktor"]
[Black "Morefield, Jason"]
[WhiteFideId "14107872"]
[BlackFideId "30920825"]
[WhiteElo "2307"]
[BlackElo "2167"]
[Result "0-1"]
[Round "09"]
[TimeControl "180+2"]
[Date "2023.02.07"]
[WhiteClock "0:00:06"]
[BlackClock "0:00:08"]

1. d4 Nf6 2. Nf3 d5 3. c4 e6 4. g3 dxc4 5. Bg2 c5 6. O-O Nc6 7. Qa4 Bd7 8. dxc5 Bxc5 9. Qxc4 Bb6 10. Nc3 Rc8 11. Qb3 O-O 12. Bf4 Na5 13. Qc2 Nd5 14. Bd2 Nxc3 15. Bxc3 Qe7 16. Rfd1 Bc6 17. Rac1 Bd5 18. b3 f6 19. h4 Qf7 20. Qb2 Nc6 21. Bh3 Qg6 22. Bg2 Qxg3 23. Be1 Bxf3 24. exf3 Qxh4 25. Rd7 Ne5 26. Rxb7 Rxc1 27. Qxc1 Nd3 28. Qd2 Nf4 29. Kf1 Qg5 30. Rxg7+ Kxg7 31. Qd7+ Rf7 32. Bd2 Qxg2+ 33. Ke1 Qxf2+ 34. Kd1 Qe2+ 0-1


[Site "https://www.chess.com"]

[Event "Titled Tuesday Blitz February 07 Early 2023"]
[White "Pein, Jonathan"]
[Black "Garayev, Kanan"]
[WhiteFideId "417092"]
[BlackFideId "13406671"]
[WhiteElo "2265"]
[BlackElo "2346"]
[Result "1-0"]
[Round "09"]
[TimeControl "180+2"]
[Date "2023.02.07"]
[WhiteClock "0:00:02"]
[BlackClock "0:00:03"]

1. b3 e5 2. Bb2 Nc6 3. e3 Nf6 4. Nf3 e4 5. Nd4 Nxd4 6. Bxd4 d5 7. c4 c6 8. d3 Bb4+ 9. Bc3 Bxc3+ 10. Nxc3 d4 11. exd4 Qxd4 12. Nxe4 Nxe4 13. dxe4 Qc3+ 14. Ke2 Bg4+ 15. f3 Rd8 16. Qc1 Qd3+ 17. Kf2 Qd4+ 18. Kg3 Bc8 19. Be2 Rd6 20. h3 Rg6+ 21. Kh2 Bxh3 22. Kxh3 Qf2 23. g4 Rh6+ 24. Qxh6 gxh6 25. Rh2 Qe3 26. Rd1 Ke7 27. Rd3 Qf4 28. Rh1 h5 29. Rhd1 hxg4+ 30. fxg4 Qc7 31. g5 h6 32. g6 fxg6 33. Bg4 h5 34. Rd7+ Qxd7 35. Rxd7+ Kf6 36. Rd6+ Ke5 37. Re6+ Kf4 38. Bd1 g5 39. Kg2 g4 40. Bc2 h4 41. Rf6+ Ke3 42. e5 Rd8 43. Rf2 1-0


[Site "https://www.chess.com"]

[Event "Titled Tuesday Blitz February 07 Early 2023"]
[White "Toncheva, Nadya"]
[Black "Jain Kashish Manoj"]
[WhiteFideId "2924056"]
[BlackFideId "35081098"]
[WhiteElo "2295"]
[BlackElo "2375"]
[Result "1/2-1/2"]
[Round "09"]
[TimeControl "180+2"]
[Date "2023.02.07"]
[WhiteClock "0:00:04"]
[BlackClock "0:00:05"]

1. d4 f5 2. c4 g6 3. h4 Bg7 4. h5 Nh6 5. hxg6 hxg6 6. Bg5 Nf7 7. Rxh8+ Bxh8 8. Bf4 c6 9. Nc3 d6 10. Nf3 Nd7 11. e4 e5 12. dxe5 dxe5 13. Bc1 Nc5 14. Qxd8+ Kxd8 15. b4 Ne6 16. Bb2 Kc7 17. O-O-O Bd7 18. Nh4 Nf8 19. Bd3 Bf6 20. Nf3 f4 21. Ne2 g5 22. c5 Be6 23. Kb1 g4 24. Ne1 Ng6 25. Bc2 a5 26. Nd3 axb4 27. Nxb4 Be7 28. Nd3 Bxa2+ 29. Kc1 Bc4 30. Rh1 Rd8 31. Rh7 Rxd3 32. Bxd3 Bxd3 33. Rxf7 Bxe2 34. Rg7 Kd8 35. Rxg6 Bxc5 36. Bxe5 Bxf2 37. Bxf4 Kd7 38. Rg7+ Ke6 39. Rxb7 Bf1 40. g3 Bg2 41. Rc7 Bxe4 42. Rg7 Bf3 43. Rg6+ Kd5 44. Rd6+ Kc5 45. Kd2 Bd4 46. Rd8 Ba1 47. Kd3 Bg2 48. Be3+ Kb5 49. Rb8+ Ka6 50. Kc4 c5 51. Kxc5 Bf3 52. Rb1 Be5 53. Rc1 Bxg3 54. Rb1 Be5 55. Bd4 Bxd4+ 56. Kxd4 g3 57. Ke3 Bb7 58. Kf4 g2 59. Ke5 Ka7 60. Kd6 Kb8 61. Kd7 Ka7 62. Kc7 Ba6 63. Rg1 Bf1 64. Kc6 Ka6 65. Kc5 Kb7 66. Kd6 Kb6 67. Ke5 Kc5 68. Rxg2 Bxg2 1/2-1/2


[Site "https://www.chess.com"]

[Event "Titled Tuesday Blitz February 07 Early 2023"]
[White "matenitian"]
[Black "Borgaonkar Akshay"]
[BlackFideId "25639110"]
[WhiteElo "2479"]
[BlackElo "1991"]
[Result "0-1"]
[Round "09"]
[TimeControl "180+2"]
[Date "2023.02.07"]
[WhiteClock "0:01:04"]
[BlackClock "0:01:41"]

1. e4 c5 2. Nc3 Nc6 3. g3 e6 4. Bg2 h5 5. Nf3 Qc7 6. O-O a6 7. a4 Nf6 8. h4 Ng4 9. d3 Bd6 10. Qe2 Nd4 11. Nxd4 cxd4 12. Nb1 Be7 13. Bf4 e5 14. Bc1 d6 15. Na3 Qd8 16. f3 Nh6 17. Nc4 Be6 18. b3 b5 19. axb5 axb5 20. Rxa8 Qxa8 21. Nd2 Qa2 22. Qd1 g5 23. hxg5 Bxg5 24. Rf2 Be3 25. Nf1 Bxf2+ 26. Kxf2 h4 27. g4 Bxb3 28. Bh3 Bxc2 29. Qe2 Qb3 30. Bxh6 Rxh6 31. Qd2 Rg6 32. g5 Bxd3 33. Bf5 Bxf1 34. Qa5 Qe3+ 35. Kxf1 Qxf3+ 36. Ke1 Qc3+ 0-1


[Site "https://www.chess.com"]

[Event "Titled Tuesday Blitz February 07 Early 2023"]
[White "Danielyan, Vahe"]
[Black "Kvaloy, Aksel Bu"]
[WhiteFideId "13304828"]
[BlackFideId "1528815"]
[WhiteElo "2346"]
[BlackElo "2321"]
[Result "0-1"]
[Round "09"]
[TimeControl "180+2"]
[Date "2023.02.07"]
[WhiteClock "0:00:02"]
[BlackClock "0:00:17"]

1. d4 Nf6 2. c4 e6 3. Nf3 d5 4. Nc3 Bb4 5. Bg5 h6 6. Bh4 dxc4 7. e3 b5 8. Be2 a6 9. O-O Bb7 10. a4 c6 11. Ne5 Nbd7 12. f4 Be7 13. Bf3 Qb6 14. a5 Qc7 15. Qe1 O-O 16. g4 c5 17. g5 Nh7 18. g6 Nxe5 19. gxh7+ Kxh7 20. fxe5 cxd4 21. exd4 Rad8 22. Bxb7 Qxb7 23. Bxe7 Qxe7 24. Qe4+ Kh8 25. Kh1 b4 26. Ne2 Rd7 27. Nf4 Rfd8 28. Rad1 Kg8 29. Rf2 Qh4 30. Rg2 g5 31. d5 Rxd5 32. Rf1 Rd4 33. Qf3 Rxf4 34. Qe2 Rxf1+ 35. Qxf1 Qh5 36. Re2 Qg4 37. Qf6 Rd1+ 0-1


[Site "https://www.chess.com"]